 Dungeon Crawl Stone Soup version 0.27.1-1-g398f81649c (webtiles) character file.

Game seed: 102165141825137295

244 shoulao the Cudgeller (level 5, -4/48 HPs)
             Began as a Minotaur Berserker on Sept 15, 2021.
             Was a Priest of Trog.
             Slain by a sky beast (6 damage)
             ... on level 3 of the Dungeon on Sept 16, 2021.
             The game lasted 00:02:21 (3056 turns).

shoulao the Cudgeller (Minotaur Berserker)          Turns: 3056, Time: 00:02:21

Health: -4/48      AC:  2    Str: 23    XL:     5   Next: 83%
Magic:  4/4        EV: 12    Int:  4    God:    Trog [***...]
Gold:   181        SH:  0    Dex:  9    Spells: 4/4 levels left

rFire    . . .     SeeInvis .   a - +0 mace
rCold    . . .     Faith    .   (no shield)
rNeg     . . .     Spirit   .   b - +0 animal skin
rPois    .         Reflect  .   (helmet restricted)
rElec    .         Harm     .   (no cloak)
rCorr    .         Rampage  .   (no gloves)
Will     .....                  (no boots)
Stlth    +.........             (no amulet)
HPRegen  0.16/turn              (no ring)
MPRegen  0.09/turn              (no ring)

@: on berserk cooldown, slowed, very slow
A: horns 2, retaliatory headbutt
a: Renounce Religion, Berserk, Trog's Hand


You were on level 3 of the Dungeon.
You worshipped Trog.
Trog was most pleased with you.
You visited 1 branch of the dungeon, and saw 3 of its levels.

You collected 181 gold pieces.

Inventory:

Hand Weapons
 a - a +0 mace (weapon)
Missiles
 e - a throwing net (quivered)
Armour
 b - a +0 animal skin (worn)
Jewellery
 f - a +6 ring of intelligence
Scrolls
 c - 2 scrolls of identify
Potions
 d - 2 potions of berserk rage


   Skills:
 + Level 5.2 Fighting
 + Level 6.0 Maces & Flails
 + Level 2.8 Armour
 + Level 3.3 Dodging
 + Level 0.6 Stealth


You had 4 spell levels left.
You didn't know any spells.
Your spell library was empty.

Dungeon Overview and Level Annotations

Branches:
Dungeon (3/15)

Altars:


Innate Abilities, Weirdness & Mutations

You have a pair of horns on your head.
You reflexively headbutt those who attack you in melee.


Message History

The frilled lizard completely misses you.
You furiously retaliate!
You headbutt the frilled lizard!
You kill the frilled lizard!
Trog accepts your kill. Something hits you. Something shocks you.
You are too injured to fight recklessly!
Calm down first, please.
You are too injured to fight recklessly!
Calm down first, please.
You are too injured to fight recklessly!
Calm down first, please.
You are too injured to fight recklessly!
Calm down first, please.
Found a spear.
You feel a strong urge to attack something.
The frilled lizard barely misses you. The hound closely misses you.
You sock the hound!
You kill the hound!
Trog accepts your kill. Something hits you. Something shocks you.
The frilled lizard bites you.
Your Maces & Flails skill increases to level 6!
Found 9 gold pieces.
Something hits you. Something shocks you.
* * * LOW HITPOINT WARNING * * *
You see here a hound corpse.
You feel a strong urge to attack something.
You are no longer berserk.
You are exhausted.
You feel yourself slow down. Something hits you.
* * * LOW HITPOINT WARNING * * *
Something shocks you.
* * * LOW HITPOINT WARNING * * *
The frilled lizard bites you.
* * * LOW HITPOINT WARNING * * *
You see here a hound corpse.
You closely miss the frilled lizard.
Your headbutt misses the frilled lizard.
Something hits you.
* * * LOW HITPOINT WARNING * * *
Something shocks you.
You die...

..### #....#...###.#.###......#.
.#######)†..##..###.#.# #.......÷
.##?.......###......#.# #........
###....#...# ##.....#.###..#...#.
# #....#...# ###...#......#...#_
# #...##..## ####.#..........#.
###)####..# ####....#.####.......
.........####...{...#.......##.##
........###.....@l..######..##.#
......####..........#..........#
...#### #..####.###.########.###
#### # ...# #.# #.# . )...# #.#
#.# . #....# .# #.# . .....$#
####.# .###### #....# ##.#..#


You could see a frilled lizard.

Vanquished Creatures
  A phantom (D:2)
  A hound (D:3)
  A gnoll (D:1)
  4 adders
  A white imp (D:3)
  2 worms
  4 dart slugs
  2 endoplasms
  3 giant cockroaches
  5 goblins
  6 hobgoblins
  3 jackals (D:2)
  3 quokkas (D:3)
  9 ball pythons
  5 bats
  7 frilled lizards
  5 kobolds
  17 rats
79 creatures vanquished.

Notes
Turn   | Place    | Note
-------+----------+-------------------------------------------
     0 | D:1      | shoulao the Minotaur Berserker began the quest for the Orb.
     0 | D:1      | Reached XP level 1. HP: 19/19 MP: 0/0
    76 | D:1      | Reached skill level 4 in Maces & Flails
    76 | D:1      | Reached XP level 2. HP: 23/27 MP: 1/1
   456 | D:1      | Reached XP level 3. HP: 33/33 MP: 2/2
   526 | D:1      | Reached ** piety under Trog
  1302 | D:2      | Noticed a phantom
  1315 | D:2      | Killed a phantom
  1316 | D:2      | Reached skill level 5 in Maces & Flails
  1316 | D:2      | Reached XP level 4. HP: 30/41 MP: 3/3
  1853 | D:2      | Reached XP level 5. HP: 47/47 MP: 4/4
  2069 | D:2      | Reached skill level 5 in Fighting
  2376 | D:3      | Reached *** piety under Trog
  2436 | D:3      | Found a faded altar of an unknown god.
  3043 | D:3      | Noticed a sky beast
  3053 | D:3      | Reached skill level 6 in Maces & Flails
  3056 | D:3      | HP: 2/48 [something (2)]
  3056 | D:3      | Slain by a sky beast

Illustrated notes

Levels and vault maps discovered:
D:1:      dpeg_arrival_boxorama, layout_basic
D:2:      layout_rooms, minmay_rat_gold_closets
D:3:      minmay_recursive_quarters, layout_loops_ring,
          hellmonk_ecumenical_altar_lost_god, serial_shops, shop,
          grunt_ministairs_7, corexii_corridor_pit

Skill      XL: |  1  2  3  4  5 |
---------------+----------------+-----
Fighting       | 4 5 |  5.2
Maces & Flails | 4 5 6 |  6.0
Dodging        | 3 |  3.3
Armour         | |  2.8
Stealth        | |  0.6

Action                   |  1- 3 |  4- 6 || total
-------------------------+-------+-------++-------
Melee: Mace              |    72 |    77 ||   149
       Headbutt          |    10 |    16 ||    26
Invok: Berserk           |     1 |     2 ||     3
  Use: Scroll            |     2 |       ||     2
 Stab: Sleeping          |       |     1 ||     1
Armor: Animal skin       |    18 |    12 ||    30
Dodge: Dodged            |    43 |    55 ||    98
